 Dungeon Crawl Stone Soup version 0.29.0-13-gc9e81de378 (webtiles) character file.

Game seed: 2323949462037780830

177 raistware the Magician (level 5, -6/31 HPs)
             Began as an Octopode Conjurer on Sept 8, 2022.
             Mangled by an ogre
             ... wielding a +0 giant spiked club
              (37 damage)
             ... on level 5 of the Dungeon.
             The game lasted 00:07:15 (3462 turns).

raistware the Magician (Octopode Conjurer)          Turns: 3462, Time: 00:07:16

Health: -6/31      AC:  1    Str:  6    XL:     5   Next: 57%
Magic:  2/12       EV: 13    Int: 23    God:
Gold:   225        SH:  0    Dex: 10    Spells: 8/13 levels left

rFire   . . .      SeeInvis .   d - +3 dagger
rCold   . . .      Faith    .   (no shield)
rNeg    . . .      Spirit   .   (helmet restricted)
rPois   .          Reflect  .   f - amulet of regeneration
rElec   .          Harm     .   (no ring)
rCorr   .          Rampage  .   (no ring)
Will    .....                   (no ring)
Stlth   +++.......              (no ring)
HPRegen 0.90/turn               (no ring)
MPRegen 0.13/turn               (no ring)
                                (no ring)
                                (no ring)

@: very slightly contaminated
A: almost no armour, amphibious, 8 rings, camouflage 1, gelatinous body 1,
(nimble swimmer 1), tentacles
a: no special abilities


You were on level 5 of the Dungeon.
You visited 1 branch of the dungeon, and saw 5 of its levels.

You collected 270 gold pieces.
You spent 45 gold pieces at shops.

Inventory:

Hand Weapons
 d - a +3 dagger (weapon)
Jewellery
 f - an amulet of regeneration (around mantle)
Scrolls
 g - 2 scrolls of amnesia {unknown}
 h - 2 scrolls of magic mapping {unknown}
 i - a scroll of fear {unknown}
 j - 4 scrolls of poison {unknown}
 n - 9 scrolls of identify {unknown}
 p - a scroll of torment {unknown}
 q - 2 scrolls of vulnerability {unknown}
 r - a scroll of teleportation {unknown}
 u - a scroll of brand weapon {unknown}
Potions
 a - a potion of magic
 b - a potion of flight {unknown}
 c - 4 potions of curing {unknown}
 e - a potion of mutation {unknown}
 k - 2 potions of berserk rage {unknown}
 l - 2 potions of degeneration {unknown}
 m - 2 potions of lignification {unknown}
 o - a potion of invisibility {unknown}
 s - a potion of might {unknown}
 t - a potion of cancellation {unknown}


   Skills:
 - Level 2.0 Dodging
 - Level 2.6 Stealth
 + Level 4.7 Spellcasting
 - Level 4.0 Conjurations
 - Level 2.0 Translocations


You had 8 spell levels left.
You knew the following spells:

 Your Spells              Type           Power      Damage    Failure   Level
a - Magic Dart            Conj           92%        1d7       1%          1
b - Iskenderun's Mystic   Conj/Tloc      19%        2d6       28%         4

Your spell library contained the following spells:

 Spells                   Type           Power      Damage    Failure   Level
 Searing Ray              Conj           46%        2d6       2%          2
 Dazzling Flash           Conj/Hex       28%        N/A       13%         3
 Tukima's Dance           Hex            5%         N/A       28%         3
 Fulminant Prism          Conj/Hex       7%         3d7       38%         4
 Passage of Golubria      Tloc           14%        N/A       38%         4
 Yara's Violent Unravell  Hex/Tmut       2%         3d3       95%         5


Dungeon Overview and Level Annotations

Branches:
Dungeon (5/15)
 Temple: D:4-7

Altars:
Dithmenos
Qazlal
Xom

Shops:
D:1 [   D:3 *

Annotations:
D:4 Sigmund


Innate Abilities, Weirdness & Mutations

You cannot wear most types of armour.
You are amphibious.
You can wear up to eight rings at the same time.
Your skin changes colour to match your surroundings (Stealth+).
Your rubbery body absorbs attacks. (AC +1, EV +1)
((You are camouflaged when in or above water. (Stealth+)))
You have tentacles for arms and can constrict up to eight enemies at once.


Message History

You kill the orc!
You can't see any susceptible monsters within range! (Use Z to cast anyway.)
You can't see any susceptible monsters within range! (Use Z to cast anyway.) Magic restored.
You see here a +0 hand axe of venom.
Found a stone staircase leading down.
n - 9 scrolls labelled OSA LOB KIORPH (gained 1)
Found a stone staircase leading up.
You hear the slow rusting of a very distant drain.
You now have 225 gold pieces (gained 13).
There is a stone staircase leading up here.
An ogre comes into view. It is wielding a +0 giant spiked club.
The ogre shouts!
The magic dart hits the ogre.
The ogre is lightly wounded.
The magic dart hits the ogre.
The ogre is moderately wounded.
The magic dart hits the ogre.
The ogre is moderately wounded.
The magic dart hits the ogre.
The ogre is heavily wounded.
The magic dart hits the ogre.
The ogre is severely wounded.
Casting: Magic Dart (safe; 1% risk of failure)
Confirm with . or Enter, or press ? or * to list all spells.
The spell is extremely dangerous to miscast (28% risk of failure)!
Continue anyway?
You miscast Iskenderun's Mystic Blast.
You are very lightly contaminated with residual magic.
Nothing appears to happen.
The ogre closely misses you.
The magic dart hits the ogre.
The ogre is severely wounded.
Casting: Magic Dart (safe; 1% risk of failure)
Confirm with . or Enter, or press ? or * to list all spells.
You don't have enough magic to cast this spell.
An ogre is nearby!
The magic dart hits the ogre.
The ogre is almost dead.
The ogre hits you with a +0 giant spiked club!!!
Ouch! That really hurt!
You die...

#.# #.. #.# #.# #.#
### #.#...
#.#.#.#.. #@O......
#.#.#.#.. ##.# ...
#.<# #.# #.## #.#
#.# #.# .. #.# #.#
.. . #.####.###.#
.#
#..........###.##.#


You could see an ogre.

Vanquished Creatures
  A jelly (D:4)
  Natasha (twice) (D:3)
  A gnoll (D:4)
  An adder (D:2)
  3 worms
  2 dart slugs
  3 orcs
  6 endoplasms
  A giant cockroach (D:3)
  8 goblins
  5 hobgoblins
  3 jackals (D:1)
  2 quokkas
  9 ball pythons
  3 bats (D:1)
  4 frilled lizards
  4 kobolds
  4 rats
  A bush (D:1)
63 creatures vanquished.

Vanquished Creatures (others)
  4 plants (D:3)
4 creatures vanquished.

Grand Total: 67 creatures vanquished

Notes
Turn   | Place    | Note
-------+----------+-------------------------------------------
     0 | D:1      | raistware the Octopode Conjurer began the quest for the
                  | Orb.
     0 | D:1      | Reached XP level 1. HP: 11/11 MP: 3/3
   254 | D:1      | Reached XP level 2. HP: 17/17 MP: 2/5
   654 | D:1      | Found Plog's Antique Armour Shoppe.
   666 | D:1      | Reached XP level 3. HP: 21/21 MP: 4/7
  1380 | D:2      | Found a faded altar of an unknown god.
  2250 | D:3      | Reached XP level 4. HP: 27/27 MP: 9/9
  2255 | D:3      | Learned a level 4 spell: Iskenderun's Mystic Blast
  2387 | D:3      | Found Reufipne's Assorted Antiques.
  2395 | D:3      | Bought a scroll labelled OGRUIHU FAEL for 24 gold pieces
  2395 | D:3      | Bought a bubbling silvery potion for 21 gold pieces
  2584 | D:3      | Found a shadowy altar of Dithmenos.
  2602 | D:3      | Noticed Natasha
  2636 | D:3      | Killed Natasha
  2637 | D:3      | Reached skill level 1 in Translocations
  2753 | D:3      | Found a stormy altar of Qazlal.
  2753 | D:3      | Found a shimmering altar of Xom.
  3042 | D:4      | Noticed Sigmund
  3056 | D:4      | Reached XP level 5. HP: 31/31 MP: 7/11
  3093 | D:3      | Noticed Natasha
  3098 | D:3      | Killed Natasha
  3348 | D:4      | Noticed a phantom
  3385 | D:5      | Entered Level 5 of the Dungeon
  3453 | D:5      | Noticed an ogre
  3462 | D:5      | Mangled by an ogre

Illustrated notes

Levels and vault maps discovered:
D:1:      lightli_arrival_lavapool, layout_loops_ring, serial_forest,
          infiniplex_forest_lined_3, infiniplex_forest_straight_4,
          infiniplex_forest_3_way, infiniplex_forest_split,
          infiniplex_forest_straight_3, infiniplex_forest_lined_room_2,
          serial_shops, shop, minmay_pentomino_v4
D:2:      layout_basic, hellmonk_ecumenical_altar_zigzags,
          kennysheep_big_empty_room
D:3:      layout_rooms, nicolae_dithmenos_shadow_blocks, jmf_multi_god_temple,
          serial_shops, shop, serial_bayou_lagoon_b, uniq_natasha
D:4:      layout_loops_ring, nemelex_spade_bored_becter,
          gammafunk_temple_overflow_forgotten, uniq_sigmund
D:5:      dreamdust_elfheim, layout_loops_ring, pf_just_have_faith,
          amcnicky_altar_gilded, mainiacjoe_overflow_boulevard,
          portal_sewer_entry_e, minmay_misc_feat_encased, nicolae_shop_gadgets

Skill      XL: |  1  2  3  4 |
---------------+-------------+-----
Spellcasting   | 3 4 |  4.7
Translocations | 2 |  2.0
Dodging        | |  2.0
Stealth        | |  2.6
Conjurations   | |  4.0

Action                   |  1- 3 |  4- 6 || total
-------------------------+-------+-------++-------
Melee: Unarmed           |     3 |       ||     3
       Constrict         |     2 |     1 ||     3
       Tentacles         |    31 |     1 ||    32
       Dagger            |    90 |     7 ||    97
       Punch             |     1 |       ||     1
 Cast: Magic Dart        |    63 |    60 ||   123
 Stab: Sleeping          |     2 |     2 ||     4
Armor: Skin              |     2 |       ||     2
Dodge: Dodged            |     1 |     6 ||     7
